 Dungeon Crawl Stone Soup version 0.31-a0-175-g9f7f995f2b (webtiles) character file.

Game seed: 1945157760256551598

167 qw the Shooter (level 5, -4/32 HPs)
             Began as a Gargoyle Hunter on June 17, 2023.
             Killed by divine providence
             ... invoked by an orc priest
              (17 damage)
             ... on level 4 of the Dungeon.
             The game lasted 00:01:00 (2757 turns).

qw the Shooter (Gargoyle Hunter)                    Turns: 2757, Time: 00:01:00

Health: -4/32      AC: 13    Str: 14    XL:     5   Next: 48%
Magic:  5/5        EV: 16    Int: 10    God:
Gold:   101        SH:  0    Dex: 15    Spells: 4/4 levels left

rFire   . . .        Y - +1 shortbow (elec)
rCold   x . .        (shield currently unavailable)
rNeg    + . .        m - +0 ring mail
rPois   inf          b - +0 helmet
rElec   +            h - +0 cloak
rCorr   .            (no gloves)
SInv    .            (no boots)
Will    .....        (no amulet)
Stlth   +            j - +5 ring of evasion
HPRegen 0.25/turn    (no ring)
MPRegen 0.09/turn

%: clarity
@: no status effects
A: sickness immunity, AC +4, negative energy resistance 1, electricity
resistance, torment resistance 1, petrification resistance, iridescent scales 1,
clarity, cold vulnerability 1
a: no special abilities


You were on level 4 of the Dungeon.
You visited 1 branch of the dungeon, and saw 4 of its levels.

You collected 101 gold pieces.


Innate Abilities, Weirdness & Mutations

You are immune to sickness and miasma.
Your stone body is resilient. (AC +4)
You are immune to poison.
You resist negative energy. (rN+)
You are resistant to electric shocks. (rElec)
You are resistant to unholy torment.
You are immune to petrification.
You are partially covered in iridescent scales. (AC +2)
You possess an exceptional clarity of mind.
You are vulnerable to cold. (rC-)


   Skills:
 - Level 3.0 Fighting
 + Level 5.9 Ranged Weapons
 - Level 1.9 Armour
 - Level 1.5 Dodging
 - Level 1.1 Stealth


You had 4 spell levels left.
You didn't know any spells.
Your spell library was empty.

Inventory:

Hand Weapons
 Y - a +1 shortbow of electrocution (weapon)
Armour
 b - a +0 helmet (worn)
 h - a +0 cloak (worn)
 m - a +0 ring mail (worn)
Jewellery
 j - a +5 ring of evasion (left hand)
Scrolls
 a - a scroll of identify
Potions
 c - a potion of enlightenment
 d - a potion of haste {unknown}
 f - a potion of curing
 g - a potion of berserk rage {unknown}
 i - 2 potions of lignification
 k - a potion of cancellation {unknown}

Dungeon Overview and Level Annotations

Branches:
Dungeon (4/15)
 Temple: D:4-7

Altars:
Uskayaw

Annotations:
D:3 1 runed translucent door, Crazy Yiuf


Message History

The orc priest mumbles some strange prayers to Beogh against you.
Pain shoots through your body!
There is a stone staircase leading up here.
2735 ||| STAIRDANCE You climb upwards.
Level annotation: 1 runed translucent door, Crazy Yiuf
There is a stone staircase leading down here.
You start resting.
HP restored.
Done exploring.
(D) Dungeon
Where to? (* - list waypoints, Enter - D:4, ? - help)
What level of the Dungeon? (default 1, ? - help)
You climb downwards.
The orc hits you but does no damage. The phantom misses you.
The phantom hits you. The orc barely misses you.
There is a stone staircase leading up here.
You shoot an arrow.
The arrow completely misses the phantom.
The orc hits you from afar with a +0 trident.
The phantom hits you but does no damage.
You shoot an arrow. The arrow hits the phantom.
The phantom is lightly damaged.
A ball python comes into view.
The orc closely misses you.
The orc priest begins to cast a cantrip, but forgets the words!
The phantom hits you but does no damage.
You shoot an arrow. The ball python hisses angrily.
The arrow hits the phantom!
The phantom is heavily damaged.
The orc closely misses you.
The orc priest invokes the aid of Beogh against you.
Beogh smites you!
The phantom hits you but does no damage.
2757 ||| STAIRDANCE The orc hits you from afar with a +0 trident.
The orc priest calls down the wrath of Beogh upon you.
Beogh smites you!
Ouch! That really hurt!
You die...

## #.### #
##### ....#..
.....## ......#
....... .>....#
.......#Wo.....
.......@)o..o..
...............
...........##..
........##..#
#.....#.# ....
......### S...
...##. ... ..#
#. ...


You could see a phantom, an orc priest, an orc wizard, an orc and a ball python.

Vanquished Creatures
  An orc priest (D:3)
  An orc wizard (D:3)
  2 adders (D:3)
  3 worms (D:2)
  A dart slug (D:2)
  8 orcs
  10 ball pythons
  9 bats
  3 endoplasms
  4 giant cockroaches
  8 goblins
  2 hobgoblins (D:1)
  4 jackals (D:2)
  6 kobolds
  3 quokkas (D:2)
  4 frilled lizards
  4 rats
73 creatures vanquished.

Notes
Turn   | Place    | Note
-------+----------+-------------------------------------------
     0 | D:1      | qw the Gargoyle Hunter began the quest for the Orb.
     0 | D:1      | Reached XP level 1. HP: 12/12 MP: 1/1
     0 | D:1      | 0 ||| qw: Version: 0.3-a-3-g30531e4
     0 | D:1      | 0 ||| qw: Game counter: 390
     0 | D:1      | 0 ||| qw: Always use a shield: true
     0 | D:1      | 0 ||| qw: God list: Okawaru
     0 | D:1      | 0 ||| qw: Allow faded altars: false
     0 | D:1      | 0 ||| qw: Do Orc after D:15 true
     0 | D:1      | 0 ||| qw: Do second Lair branch before Depths: true
     0 | D:1      | 0 ||| qw: Lair rune preference: random
     0 | D:1      | 0 ||| qw: Plans: Normal, Zot:1-4, Slime:5, God:TSO, Crypt,
                  | Tomb, Abyss, Pan, Hells, Win
     0 | D:1      | 0 ||| PLANNING D:1-11
    95 | D:1      | Reached XP level 2. HP: 17/17 MP: 2/2
   389 | D:1      | Reached XP level 3. HP: 21/21 MP: 3/3
   585 | D:1      | 585 ||| READING 2 scrolls labelled TEADWO JYNEOBO.
   586 | D:1      | 586 ||| READING scroll labelled KOCYCA CYBA.
   602 | D:1      | 602 ||| READING scroll labelled XILEN JITYU.
   603 | D:1      | 603 ||| READING scroll labelled QUASMO LO QUQ.
   604 | D:1      | 604 ||| DRINKING 2 white potions.
   655 | D:1      | 655 ||| DROPPING scroll of butterflies.
   693 | D:2      | Found a faded altar of an unknown god.
   704 | D:2      | Reached skill level 5 in Ranged Weapons
  1129 | D:2      | Reached skill level 3 in Fighting
  1343 | D:2      | Reached XP level 4. HP: 28/28 MP: 4/4
  1733 | D:2      | 1733 ||| UPGRADING to +0 cloak.
  1738 | D:2      | 1738 ||| UPGRADING to +0 ring mail.
  1748 | D:2      | 1748 ||| DROPPING +0 leather armour.
  1749 | D:2      | 1749 ||| DROPPING ring of flight.
  1750 | D:2      | 1750 ||| DROPPING +6 ring of intelligence.
  1751 | D:2      | 1751 ||| READING scroll labelled XASHE MALYE.
  1889 | D:3      | Reached skill level 1 in Armour
  1975 | D:3      | Found a hide-covered altar of Uskayaw.
  2303 | D:3      | Reached XP level 5. HP: 32/32 MP: 5/5
  2534 | D:3      | Found a runed translucent door.
  2535 | D:3      | Noticed Crazy Yiuf
  2641 | D:3      | 2641 ||| UPGRADING to +0 helmet.
  2646 | D:3      | 2646 ||| UPGRADING to +5 ring of evasion.
  2647 | D:3      | 2647 ||| READING scroll labelled SOBUF JUAWONT.
  2648 | D:3      | 2648 ||| DRINKING 2 golden potions.
  2648 | D:3      | Gained mutation: You are frail. (-10% HP) [potion of
                  | mutation]
  2648 | D:3      | Gained mutation: Your body sometimes deteriorates upon
                  | taking damage. [potion of mutation]
  2649 | D:3      | 2649 ||| DRINKING potion of mutation.
  2649 | D:3      | Lost mutation: Your body sometimes deteriorates upon taking
                  | damage. [potion of mutation]
  2649 | D:3      | Lost mutation: You are frail. (-10% HP) [potion of
                  | mutation]
  2649 | D:3      | Gained mutation: You are vulnerable to cold. (rC-) [potion
                  | of mutation]
  2649 | D:3      | Gained mutation: You possess an exceptional clarity of
                  | mind. [potion of mutation]
  2649 | D:3      | Gained mutation: You are partially covered in iridescent
                  | scales. (AC +2) [potion of mutation]
  2662 | D:3      | 2662 ||| DRINKING 2 coppery potions.
  2663 | D:3      | 2663 ||| READING 2 scrolls of identify.
  2663 | D:3      | 2663 ||| IDENTIFYING lumpy purple potion
  2701 | D:4      | 2701 ||| STAIRDANCE
  2701 | D:4      | Noticed a phantom
  2735 | D:4      | 2735 ||| STAIRDANCE
  2757 | D:4      | 2757 ||| STAIRDANCE
  2757 | D:4      | Killed from afar by an orc priest

Levels and vault maps discovered:
D:1:      erik_arrival_blinker_ship, layout_basic
D:2:      layout_basic, hellmonk_ecumenical_altar_arch_garden,
          chequers_serial_rivers_micro_a
D:3:      layout_basic, mainiacjoe_overflow_chevrons, columned_hall_lemuel,
          uniq_crazy_yiuf_cottage
D:4:      layout_cave_pools, serial_shops, nicolae_shop_hallway_plus

Skill      XL: |  1  2  3  4 |
---------------+-------------+-----
Ranged Weapons | 5 |  5.9
Fighting       | 3 |  3.0
Armour         | 1 |  1.9
Dodging        | |  1.5
Stealth        | |  1.1

Action                     |  1- 3 |  4- 6 || total
---------------------------+-------+-------++-------
   Fire: Shortbow          |   114 |    88 ||   202
    Use: Scroll            |     4 |     3 ||     7
         Potion            |     1 |     3 ||     4
 Armour: Leather armour    |    15 |       ||    15
         Ring mail         |       |    27 ||    27
  Dodge: Dodged            |    21 |    20 ||    41

Table legend:
 A = Non-vault XP
 B = Vault XP
 C = Vault XP percentage of total XP
 D = Non-vault monster count
 E = Vault monster count
 F = Vault count percentage of total count
                 A         B        C        D         E       F
            +---------+---------+-------+---------+---------+-------
      Total |     239 |       0 |   0.0 |      73 |       0 |   0.0
            +---------+---------+-------+---------+---------+-------
        D:1 |      35 |       0 |   0.0 |      21 |       0 |   0.0
        D:2 |      55 |       0 |   0.0 |      26 |       0 |   0.0
        D:3 |     143 |       0 |   0.0 |      24 |       0 |   0.0
        D:4 |       6 |       0 |   0.0 |       2 |       0 |   0.0
            +---------+---------+-------+---------+---------+-------
